 Dungeon Crawl Stone Soup version 0.25-a0-651-g8c222c7a2b (webtiles) character file.

Game seed: 14633804082174643565, levelgen mode: deterministic

189 CryoSword the Shield-Bearer (level 5, -5/50 HPs)
             Began as a Troll Fighter on Mar 22, 2020.
             Was a Follower of Fedhas.
             Slain by Squibie's ghost (11 damage)
             ... on level 3 of the Dungeon.
             The game lasted 00:03:50 (2439 turns).

CryoSword the Shield-Bearer (Troll Fighter)         Turns: 2439, Time: 00:03:51

Health: -5/50      AC:  6    Str: 24    XL:     5   Next: 40%
Magic:  4/4        EV:  8    Int:  4    God:    Fedhas [*.....]
Gold:   154        SH:  9    Dex: 10    Spells: 4/4 levels left

rFire    . . .     SeeInvis .     - Unarmed
rCold    . . .     Gourm    +   b - +0 kite shield
rNeg     . . .     Faith    .   a - +0 robe
rPois    .         Spirit   .   (helmet restricted)
rElec    .         Reflect  .   (no cloak)
rCorr    .         Harm     .   (gloves unavailable)
MR       .....                  (boots unavailable)
Stlth    +.........             (no amulet)
HPRegen  0.56/turn              (no ring)
MPRegen  0.09/turn              (no ring)

@: no status effects
A: large, unfitting armour, claws 3, fast metabolism 3, gourmand, regeneration
1, shaggy fur 1, tough skin 3
a: Renounce Religion


You were on level 3 of the Dungeon.
You worshipped Fedhas.
Fedhas was aware of your devotion.
You were completely stuffed.

You visited 1 branch of the dungeon, and saw 3 of its levels.

You collected 154 gold pieces.

Inventory:

Missiles
 k - 100 stones
 y - 11 poisoned darts (quivered)
Armour
 a - a +0 robe (worn)
 b - a +0 kite shield (worn)
Jewellery
 p - a cursed -2 ring of dexterity {unknown}
   (You found it on level 2 of the Dungeon)
Wands
 s - a wand of paralysis (11)
   (You found it on level 2 of the Dungeon)
Scrolls
 e - 3 scrolls of identify {unknown}
 f - 5 scrolls of remove curse {unknown}
 g - a scroll of enchant weapon {unknown}
 i - a scroll of amnesia {unknown}
 j - a scroll of random uselessness {unknown}
 n - a scroll of fear {unknown}
 o - 4 scrolls of immolation {unknown}
 q - a scroll of enchant armour {unknown}
 r - 2 scrolls of teleportation {unknown}
 t - 2 scrolls of magic mapping {unknown}
Potions
 c - 2 potions of might
 h - a potion of degeneration {unknown}
 l - 3 potions of ambrosia {unknown}
 m - a potion of stabbing {unknown}
 u - a potion of mutation {unknown}
 w - a potion of berserk rage {unknown}
 x - a potion of curing {unknown}
Comestibles
 d - 10 rations {!d}


   Skills:
 - Level 2.4 Fighting
 - Level 2.4 Dodging
 * Level 4.4 Shields
 + Level 3.6 Unarmed Combat


You had 4 spell levels left.
You didn't know any spells.
Your spell library was empty.

Dungeon Overview and Level Annotations

Branches:
Dungeon (3/15)

Altars:
Fedhas
Makhleb
Trog

Annotations:
D:3 Squibie's ghost, weakling DgGl


Innate Abilities, Weirdness & Mutations

You are too large for most types of armour.
You have claws for hands.
Your metabolism is lightning-fast.
You like to eat raw meat.
Your natural rate of healing is unusually fast.
You are covered in fur. (AC +1)
You have extremely tough skin. (AC +3)


Message History

Items here: )) †† a +0 whip; a +0 short sword; a kobold corpse; a leopard gecko corpse You butcher the leopard gecko corpse.
v - 6 chunks of flesh (gained 1)
Items here: )) ÷ † a +0 whip; a +0 short sword; a kobold corpse; a leopard gecko skeleton
Items here: )) ÷ † a +0 whip; a +0 short sword; a kobold corpse; a leopard gecko skeleton
Items here: )) ÷÷ a +0 club x2; a hobgoblin skeleton x2
y - 11 poisoned darts (gained 1)
Items here: )) ÷÷ a +0 club x2; a hobgoblin skeleton x2
Items here: )) ÷ † a +0 whip; a +0 short sword; a kobold corpse; a leopard gecko skeleton You now have 145 gold pieces (gained 15).
c - 2 potions of might (gained 1)
You now have 154 gold pieces (gained 9).
Eating one of 6 chunks of flesh.
You eat one of the 6 chunks of flesh.
This raw flesh tastes great.
A bat comes into view.
A bat is nearby!
The bat hits you but does no damage. You block the bat's attack.
You claw the bat!
You kill the bat!
Fedhas accepts your kill.
No target in view!
Quiver which item? (- for none, * to show all) (? for menu, Esc to quit)
Quivering
y - 11 poisoned darts for throwing.
An adder comes into view.
The adder hisses angrily.
An adder is nearby!
An adder is nearby!
An adder is nearby!
Throwing (i - inventory. (/) - cycle)
y - 11 poisoned darts (quivered)
Press: ? - help, Shift-Dir - straight line, f - adder
Aim: an adder You throw a poisoned dart.
The poisoned dart hits the adder.
The adder is poisoned.
Throwing (i - inventory. (/) - cycle)
y - 10 poisoned darts (quivered)
Press: ? - help, Shift-Dir - straight line, f/p - adder
Aim: an adder (lightly wounded, poisoned)
You throw a poisoned dart.
The poisoned dart completely misses the adder.
Throwing (i - inventory. (/) - cycle)
y - 9 poisoned darts (quivered)
Press: ? - help, Shift-Dir - straight line, f/p - adder
Aim: an adder (moderately wounded, poisoned)
You throw a poisoned dart. The poisoned dart misses the adder.
Throwing (i - inventory. (/) - cycle)
y - 8 poisoned darts (quivered)
Press: ? - help, Shift-Dir - straight line, f/p - adder
Aim: an adder (moderately wounded, poisoned)
You throw a poisoned dart. The poisoned dart hits the adder.
The adder looks even sicker.
The adder is moderately wounded.
The adder bites you.
You are poisoned.
The adder poisons you!
You barely miss the adder.
The adder is moderately wounded.
You feel sick. You block the adder's attack.
You claw the adder!
You kill the adder!
Fedhas accepts your kill.
You feel sick.
No target in view!
No target in view!
You feel sick.
y - 8 poisoned darts (gained 1)
You feel sick.
You feel sick.
y - 9 poisoned darts (gained 1)
You feel sick.
y - 11 poisoned darts (gained 2)
You feel sick.
You feel sick.
You are no longer poisoned.
There is a large open door here.
There is a large open door here.
There is a fountain of clear blue water here.
You open the large door.
There is a large open door here.
Eating one of 5 chunks of flesh.
You eat one of the 5 chunks of flesh.
This raw flesh tastes great.
Some of the chunks of flesh in your inventory have rotted away.
Squibie's ghost turns its malevolent gaze towards you.
Squibie's ghost shrieks, "You will never get the ORB!"
Partly explored, can't reach some items.
Partly explored, can't reach some items.
Partly explored, can't reach some items.
Press: ? - help, v - describe, . - travel The floor.
Press: ? - help, v - describe, . - travel A stone wall.
You open the door. You closely miss Squibie's ghost. Squibie's ghost hits you!
All of the chunks of flesh in your inventory have rotted away.
You closely miss Squibie's ghost. You block Squibie's ghost's attack.
You barely miss Squibie's ghost. Squibie's ghost barely misses you.
You closely miss Squibie's ghost.
Squibie's ghost hits you but does no damage.
You miss Squibie's ghost.
Squibie's ghost hits you but does no damage.
You barely miss Squibie's ghost. Squibie's ghost hits you!
You scratch Squibie's ghost.
Squibie's ghost is lightly damaged.
Squibie's ghost completely misses you.
You scratch Squibie's ghost.
Squibie's ghost is lightly damaged.
You block Squibie's ghost's attack.
You barely miss Squibie's ghost.
Squibie's ghost is lightly damaged.
Squibie's ghost hits you.
You miss Squibie's ghost.
Squibie's ghost is lightly damaged.
Squibie's ghost hits you but does no damage.
You closely miss Squibie's ghost.
Squibie's ghost is lightly damaged.
You block Squibie's ghost's attack.
You closely miss Squibie's ghost.
Squibie's ghost is lightly damaged.
Squibie's ghost hits you.
You barely miss Squibie's ghost.
Squibie's ghost is lightly damaged.
You block Squibie's ghost's attack.
You barely miss Squibie's ghost.
Squibie's ghost is lightly damaged.
Squibie's ghost hits you!
* * * LOW HITPOINT WARNING * * *
You claw Squibie's ghost!
Squibie's ghost is heavily damaged.
Squibie's ghost hits you.
* * * LOW HITPOINT WARNING * * *
You scratch Squibie's ghost but do no damage.
Squibie's ghost is heavily damaged.
Squibie's ghost hits you!
* * * LOW HITPOINT WARNING * * *
You scratch Squibie's ghost.
Squibie's ghost is severely damaged.
Squibie's ghost hits you.
* * * LOW HITPOINT WARNING * * *
You closely miss Squibie's ghost.
Squibie's ghost is severely damaged.
You block Squibie's ghost's attack.
You closely miss Squibie's ghost.
Squibie's ghost is severely damaged.
You scratch Squibie's ghost.
Squibie's ghost is almost destroyed.
Squibie's ghost hits you!
You die...
Fedhas appreciates your contribution to the ecosystem.

#.......#
##.###..
#.......###
#..# #..
#.........#
#.#####.
#.........#
####.##....
#.........#
#.....#....
#.........#
#....).....
#.........#
#.....#....
#.........#
#######....
######.@.##
#.... ##W##
##### #.?.#
#P8P# #####


You could see Squibie's ghost.

Vanquished Creatures
  2 hounds (D:2)
  A worker ant (D:3)
  4 gnolls
  2 adders (D:3)
  An ooze (D:3)
  A worm (D:2)
  3 leopard geckos (D:3)
  An orc (D:2)
  A giant cockroach (D:2)
  4 goblins
  5 hobgoblins
  A jackal (D:3)
  A ball python (D:1)
  7 bats
  5 frilled lizards
  4 kobolds
  7 rats
50 creatures vanquished.

Notes
Turn   | Place    | Note
-------+----------+-------------------------------------------
     0 | D:1      | CryoSword the Troll Fighter began the quest for the Orb.
     0 | D:1      | Reached XP level 1. HP: 22/22 MP: 0/0
   786 | D:2      | Reached XP level 2. HP: 29/29 MP: 1/1
   900 | D:2      | Found a blossoming altar of Fedhas.
   928 | D:2      | Became a worshipper of Fedhas Madash
   931 | D:2      | Reached skill level 3 in Shields
  1163 | D:2      | Reached XP level 3. HP: 29/36 MP: 2/2
  1360 | D:2      | Found a burning altar of Makhleb.
  1370 | D:2      | Reached XP level 4. HP: 43/44 MP: 3/3
  1790 | D:3      | Reached skill level 4 in Shields
  1888 | D:3      | Reached XP level 5. HP: 50/50 MP: 4/4
  2032 | D:3      | Found a bloodstained altar of Trog.
  2130 | D:3      | Found a runed translucent door.
  2187 | D:3      | Reached * piety under Fedhas
  2413 | D:3      | Noticed Squibie's ghost (weakling DgGl)
  2439 | D:3      | Slain by Squibie's ghost

Levels and vault maps discovered:
D:1:      ncdulo_lavacross, layout_basic
D:2:      minmay_door_path, layout_basic, makhleb_blood_cavern_becter,
          first_ration, chequers_mini_garden, grunt_decor_clamped,
          fedhas_altar_2
D:3:      minmay_evil_eye, layout_rooms, gammafunk_ghost_grave,
          grunt_decor_arrowhead, trog_book

Skill      XL: |  1  2  3  4 |
---------------+-------------+-----
Shields        | 3 4 |  4.4
Unarmed Combat | 3 |  3.6
Fighting       | |  2.4
Dodging        | |  2.4

Action                   |  1- 3 |  4- 6 || total
-------------------------+-------+-------++-------
Melee: Unarmed           |    81 |   110 ||   191
Throw: Dart              |       |     4 ||     4
  Eat: Chunk             |    18 |    10 ||    28
Armor: Robe              |    29 |    16 ||    45
Dodge: Dodged            |    39 |    25 ||    64
Block: Kite shield       |    32 |    42 ||    74

Table legend:
 A = Non-vault XP
 B = Vault XP
 C = Vault XP percentage of total XP
 D = Non-vault monster count
 E = Vault monster count
 F = Vault count percentage of total count
                 A         B        C        D         E       F
            +---------+---------+-------+---------+---------+-------
      Total |     219 |      52 |  19.2 |      43 |       7 |  14.0
            +---------+---------+-------+---------+---------+-------
        D:1 |       5 |       0 |   0.0 |       5 |       0 |   0.0
        D:2 |      99 |      43 |  30.3 |      21 |       2 |   8.7
        D:3 |     115 |       9 |   7.3 |      17 |       5 |  22.7
            +---------+---------+-------+---------+---------+-------
